Map: Catalyst LE

Players

Impact - Winner!

  • Race: Zerg Zerg
  • Spawn Location: 5:00

Nerchio

  • Race: Zerg Zerg
  • Spawn Location: 11:00

Event: IEM Season 12 - Katowice

VOD

Have the link to the VOD?

Description

Time

  • Played on: March 2, 2018, 7:46 a.m.
  • Length: 11:14

All games in this series

Show
View Real Time Build Order
Export as new Build Order

Impact Zerg - Winner!

Build Orders: 1 Base Baneling Bust, Pool First, Zergling Baneling 

Get SALT Encoding   

  12  0:00  Drone  
  13  0:14  Extractor  
  12  0:23  Spawning Pool  
  12  0:28  Drone  
  12  0:33  Drone  
  13  0:38  Drone  
  14  0:49  Overlord  
  14  1:10  Zergling x6  
  17  1:14  Metabolic Boost  
  17  1:21  Zergling x2  
  18  1:32  Zergling x2  
  19  1:35  Baneling Nest  
  18  1:43  Zergling x2  
  19  1:48  Queen  
  19  1:54  Zergling x2  
  22  2:05  Extractor, Zergling x2  
  23  2:15  Overlord  
  23  2:19  Baneling x2  
  23  2:29  Baneling  
  23  2:30  Baneling  
  23  2:36  Zergling x2  
  24  2:38  Zergling x2  
  24  2:46  Baneling  
  24  2:48  Zergling x2  
  24  2:58  Drone  
  24  2:59  Drone x2  
  24  3:05  Baneling x2  
  27  3:09  Drone  
  24  3:31  Hatchery  
  24  3:32  Drone  
  24  3:33  Drone  
  25  3:35  Baneling  
  25  3:36  Baneling  
  25  3:41  Drone  
  27  3:48  Drone  
  27  3:50  Drone  
  27  3:51  Drone  
  29  3:58  Baneling  
  29  3:59  Overlord  
  29  4:17  Queen  
  29  4:18  Drone x2  
  29  4:23  Drone  
  33  4:28  Drone  
  34  4:38  Drone x2  
  34  4:39  Drone  
  34  4:43  Lair  
  34  4:45  Drone  
  38  4:48  Drone  
  38  4:53  Drone  
  38  4:55  Baneling  
  38  4:58  Drone  
  40  5:02  Overlord  
  40  5:09  Drone  
  41  5:14  Extractor  
  41  5:15  Drone x4  
  41  5:16  Extractor  
  41  5:20  Drone  
  44  5:23  Extractor  
  44  5:24  Drone x2  
  44  5:25  Drone  
  46  5:30  Drone  
  47  5:36  Drone  
  48  5:43  Spire  
  48  5:44  Drone x4  
  48  5:47  Drone  
  52  5:54  Overlord  
  51  6:02  Overlord x2, Hatchery  
  50  6:04  Drone  
  50  6:07  Overlord  
  50  6:09  Baneling  
  50  6:12  Overlord  
  50  6:13  Zergling x2  
  51  6:21  Zergling x8  
  55  6:26  Zergling x2  
  55  6:29  Zergling x2  
  57  6:32  Baneling  
  57  6:33  Drone  
  57  6:34  Zergling x4  
  57  6:39  Baneling  
  60  6:46  Overlord  
  61  6:47  Zergling x6  
  63  6:56  Mutalisk  
  63  6:59  Mutalisk  
  63  7:01  Mutalisk  
  66  7:05  Mutalisk  
  66  7:06  Mutalisk  
  66  7:07  Mutalisk  
  74  7:09  Mutalisk  
  74  7:10  Baneling x2  
  74  7:12  Mutalisk  
  77  7:16  Evolution Chamber  
  77  7:17  Drone, Roach Warren  
  77  7:18  Drone x2  
  78  7:23  Drone  
  78  7:25  Drone  
  78  7:27  Drone  
  81  7:30  Drone  
  81  7:32  Queen  
  81  7:36  Drone x3  
  86  7:38  Drone x2  
  88  7:49  Drone x3, Extractor  
  89  7:55  Zerg Missile Weapons Level 1  
  89  7:57  Baneling x2  
  89  7:58  Roach  
  89  7:59  Roach x2  
  89  8:01  Roach  
  89  8:02  Overlord  
  89  8:03  Overlord  
  97  8:19  Overlord x3  
  96  8:23  Roach x5  
  105  8:29  Roach x3  
  105  8:30  Baneling x3  
  105  8:32  Roach  
  105  8:34  Overlord, Glial Reconstitution  
  113  8:36  Overlord  
  113  8:43  Roach  
  113  8:44  Roach x3  
  113  8:47  Roach x2  
  125  8:52  Roach x2  
  125  8:55  Roach x2  
  133  8:59  Roach x2  
  136  9:03  Roach x2  
  136  9:08  Roach  
  136  9:09  Roach x2  
  139  9:16  Roach  
  139  9:17  Roach  
  141  9:20  Roach x2  
  142  9:24  Drone x3  
  142  9:27  Roach  
  142  9:30  Roach  
  148  9:32  Overlord  
  148  9:34  Overlord  
  148  9:37  Ravager x4  
  152  9:40  Ravager  
  153  9:49  Roach  
  151  9:53  Roach x6  
  151  9:56  Ravager x2  
  151  9:57  Ravager  
  151  9:59  Overseer  
  164  10:01  Roach x2  
  168  10:07  Roach x2  
  168  10:13  Roach x3  
  148  10:17  Roach x2  
  148  10:18  Roach  
  134  10:23  Roach x2  
  134  10:26  Roach x2  
  137  10:30  Roach x2  
  137  10:32  Zergling x2  
  137  10:34  Ravager  
  143  10:36  Ravager  
  143  10:38  Zergling x4  
  143  10:40  Roach, Spine Crawler  
  143  10:42  Zergling x2  
  148  10:44  Ravager  
  148  10:47  Zergling x2  
  148  10:48  Zergling x4  
  148  10:49  Zergling x2  
  145  10:52  Roach  
  145  10:54  Roach, Zergling x2  
  130  11:07  Ravager  
Show
View Real Time Build Order
Export as new Build Order

Nerchio Zerg 

Build Orders: Hatch First 

Get SALT Encoding   

  12  0:00  Drone  
  13  0:12  Overlord  
  13  0:17  Drone  
  14  0:31  Drone x2  
  14  0:34  Drone  
  17  0:53  Hatchery  
  17  0:55  Drone  
  17  0:58  Drone  
  18  1:09  Extractor  
  17  1:14  Spawning Pool  
  17  1:17  Drone  
  17  1:20  Drone  
  18  1:28  Drone  
  19  2:01  Zergling x4  
  19  2:02  Zergling x2  
  19  2:03  Spine Crawler  
  19  2:04  Queen, Zergling x2  
  19  2:06  Queen  
  26  2:15  Baneling Nest  
  25  2:16  Zergling x2  
  25  2:20  Zergling x2  
  27  2:24  Zergling x2  
  28  2:33  Overlord  
  26  2:46  Queen  
  26  2:57  Zergling x4  
  26  2:58  Baneling x2  
  26  3:10  Baneling  
  26  3:20  Baneling, Hatchery  
  26  3:23  Zergling x2  
  24  3:29  Zergling x4  
  26  3:34  Baneling  
  26  3:38  Drone  
  27  3:44  Queen  
  29  3:49  Drone  
  30  3:56  Overlord  
  29  4:16  Drone  
  29  4:17  Drone x2  
  32  4:24  Drone  
  32  4:29  Drone, Metabolic Boost  
  32  4:30  Drone x2  
  36  4:32  Drone  
  36  4:36  Drone  
  38  4:45  Drone  
  39  4:48  Drone  
  39  4:50  Baneling  
  39  4:54  Drone  
  39  4:56  Drone  
  39  4:57  Evolution Chamber, Drone  
  39  4:58  Drone  
  42  5:04  Drone  
  42  5:05  Overlord  
  43  5:09  Overlord  
  43  5:25  Drone x2  
  43  5:27  Zerg Missile Weapons Level 1, Extractor  
  43  5:28  Drone  
  45  5:31  Hatchery  
  45  5:35  Drone x2  
  47  5:38  Roach Warren  
  47  5:40  Drone  
  48  5:42  Drone  
  48  5:44  Drone  
  48  5:46  Drone  
  48  5:47  Extractor  
  48  5:48  Drone  
  50  5:56  Overlord  
  50  6:01  Lair  
  50  6:02  Overlord  
  50  6:05  Extractor  
  50  6:09  Drone x4  
  50  6:11  Drone  
  53  6:13  Drone  
  53  6:14  Drone  
  53  6:15  Drone  
  53  6:17  Drone  
  57  6:26  Drone x2, Queen  
  57  6:28  Drone  
  57  6:30  Extractor  
  57  6:32  Drone x2  
  63  6:35  Zergling x2  
  64  6:44  Queen  
  66  6:47  Zergling x6  
  66  6:48  Zergling x8  
  66  6:53  Overlord  
  73  6:57  Baneling x3  
  73  6:58  Roach x2  
  73  7:00  Roach  
  79  7:04  Overlord  
  79  7:06  Glial Reconstitution  
  79  7:10  Overlord  
  79  7:12  Drone  
  79  7:13  Drone  
  79  7:14  Drone  
  82  7:17  Drone x2  
  82  7:19  Drone  
  79  7:23  Drone x3  
  79  7:29  Zerg Missile Weapons Level 2  
  82  7:36  Drone  
  84  7:37  Drone x4  
  84  7:38  Drone  
  84  7:43  Spore Crawler, Extractor  
  86  7:44  Extractor  
  86  7:46  Spore Crawler  
  86  7:50  Spore Crawler, Drone x2  
  86  7:51  Drone  
  82  7:55  Spore Crawler  
  81  7:59  Roach x2  
  81  8:00  Spore Crawler  
  81  8:04  Roach x2  
  88  8:08  Roach x2  
  88  8:11  Overlord  
  88  8:12  Hydralisk Den  
  91  8:14  Overlord  
  91  8:17  Overlord  
  91  8:20  Overlord  
  91  8:22  Overlord  
  90  8:30  Tunneling Claws, Infestation Pit  
  90  8:32  Burrow  
  89  8:37  Roach  
  89  8:38  Roach x2  
  95  8:46  Hydralisk x4  
  103  8:53  Hydralisk  
  103  8:54  Hydralisk x2  
  106  8:59  Hydralisk  
  106  9:00  Hydralisk  
  110  9:06  Hydralisk  
  108  9:11  Roach  
  108  9:15  Roach  
  111  9:18  Roach  
  111  9:22  Roach  
  113  9:25  Roach  
  113  9:28  Roach  
  113  9:30  Roach  
  113  9:32  Roach  
  113  9:37  Roach x2  
  117  9:40  Overlord  
  117  9:42  Overlord  
  117  9:47  Roach x3  
  117  9:49  Roach  
  117  9:52  Roach  
  127  9:55  Overlord  
  127  9:56  Roach  
  129  10:00  Roach x2  
  129  10:02  Roach  
  129  10:06  Roach  
  137  10:09  Roach x2  
  137  10:11  Roach x2  
  137  10:13  Roach  
  137  10:14  Roach  
  123  10:16  Roach  
  123  10:18  Roach  
  102  10:21  Roach  
  102  10:24  Roach  
  102  10:26  Roach  
  103  10:29  Roach  
  103  10:31  Unknown  
  103  10:32  Roach  
  103  10:34  Roach  
  109  10:39  Roach  
  111  10:43  Roach  
  111  10:48  Roach  
  111  10:49  Roach  
  109  10:53  Roach  
  109  10:54  Roach  

Tags
 
Add a new tag
Caveats
  • Supply blocks, unpowered buildings, or Contaminate may cause inaccurate times.
  • Supply counts are checked every 10 seconds.